Map: Terrazas hostiles

Players

MrFercho - Winner!

  • Race: Zerg Zerg
  • League: Gold
  • Spawn Location: 6:00

TATORREA

  • Race: Protoss Protoss
  • League: Gold
  • Spawn Location: 5:00

tigro

  • Race: Terran Terran
  • League: Bronze
  • Spawn Location: 12:00

IA (Fácil)

  • Race: Protoss Protoss
  • Spawn Location: 1:00

IA (Fácil)

  • Race: Terran Terran
  • Spawn Location: 11:00

IA (Fácil)

  • Race: Zerg Zerg
  • Spawn Location: 6:00

IA (Fácil)

  • Race: Zerg Zerg
  • Spawn Location: 7:00

IA (Fácil)

  • Race: Terran Terran
  • Spawn Location: 12:00

VOD

Have the link to the VOD?

Description

Time

  • Played on: Aug. 4, 2020, 10:36 p.m.
  • Length: 29:31
Show
View Real Time Build Order
Export as new Build Order

MrFercho Zerg - Winner!

Build Orders: Pool First, Lurkers 

Get SALT Encoding   

  12  0:20  Spawning Pool  
  11  0:22  Drone  
  11  0:27  Drone  
  13  0:31  Drone  
  14  0:41  Overlord  
  14  1:08  Zergling x6  
  14  1:10  Queen  
  19  1:23  Zergling x2  
  20  1:31  Zergling x2  
  20  2:03  Zergling x2  
  20  2:04  Zergling x2  
  19  2:19  Zergling x2  
  19  2:20  Zergling x2  
  20  2:24  Queen  
  22  2:31  Overlord  
  21  2:56  Zergling x10  
  26  3:04  Drone  
  25  3:27  Zergling x8  
  27  3:41  Zergling x2  
  28  4:17  Overlord  
  28  4:18  Overlord x2  
  27  4:49  Hatchery  
  26  4:54  Drone x5  
  26  4:56  Hatchery  
  26  4:57  Hatchery  
  26  4:59  Extractor  
  28  5:11  Drone  
  29  5:23  Drone x2  
  29  5:24  Drone  
  29  5:25  Overlord  
  32  5:46  Extractor  
  31  6:07  Drone  
  31  6:08  Drone x5  
  31  6:11  Drone x2  
  39  6:18  Metabolic Boost  
  39  6:24  Drone x7  
  39  6:37  Zergling x6  
  39  6:38  Zergling x2  
  42  6:47  Spine Crawler  
  42  6:51  Zergling x14, Spine Crawler  
  42  6:52  Spine Crawler  
  46  6:59  Queen  
  48  7:13  Drone  
  48  7:14  Drone x6  
  55  7:25  Lair  
  55  7:31  Roach Warren  
  54  7:39  Drone x6  
  60  7:46  Extractor  
  60  7:48  Extractor  
  58  7:58  Spore Crawler  
  57  8:20  Queen  
  57  8:24  Glial Reconstitution  
  57  8:27  Overlord x4  
  59  8:33  Hydralisk Den  
  58  8:38  Evolution Chamber  
  57  8:43  Overlord x2  
  57  8:46  Drone  
  57  8:47  Drone x6  
  64  9:01  Queen  
  66  9:07  Overseer  
  66  9:25  Muscular Augments  
  66  9:28  Roach x8  
  66  9:29  Roach x9  
  100  9:38  Baneling Nest  
  99  9:43  Drone x7  
  106  9:49  Zerg Missile Weapons Level 1  
  106  9:54  Overlord  
  106  9:57  Infestation Pit  
  105  10:00  Tunneling Claws  
  105  10:27  Drone x2  
  105  10:28  Drone x4  
  110  10:29  Drone x4  
  110  10:30  Drone x4  
  110  10:33  Extractor  
  110  10:34  Extractor  
  117  10:37  Grooved Spines  
  117  10:39  Overseer  
  117  10:42  Overlord x4  
  117  10:48  Overlord  
  117  11:20  Spore Crawler  
  116  11:30  Burrow  
  116  11:31  Pneumatized Carapace  
  116  11:42  Drone x6  
  116  11:43  Drone x26  
  148  11:53  Hive  
  148  11:56  Zerg Missile Weapons Level 2  
  148  11:59  Lurker Den  
  147  12:05  Evolution Chamber  
  147  12:07  Evolution Chamber  
  145  12:32  Overlord  
  145  12:33  Overlord x3  
  145  12:37  Hydralisk x10  
  145  12:38  Hydralisk  
  145  12:43  Overlord x6  
  167  12:48  Extractor  
  167  12:49  Extractor  
  165  12:56  Spire  
  165  12:58  Spire  
  163  13:10  Seismic Spines  
  163  13:12  Centrifical Hooks  
  163  13:45  Lurker x11  
  174  14:05  Ultralisk Cavern  
  174  14:07  Adaptive Talons  
  174  14:08  Nydus Network  
  172  14:23  Hatchery  
  171  14:24  Hatchery  
  171  14:26  Hatchery  
  171  14:27  Hatchery  
  171  14:30  Hatchery  
  135  15:05  Hydralisk x11  
  135  15:06  Hydralisk x21  
  195  15:12  Zerg Missile Weapons Level 3  
  199  15:18  Zerg Ground Armor Level 1  
  187  15:54  Corruptor x4  
  187  15:55  Corruptor x4  
  164  16:21  Hydralisk x13  
  187  16:37  Zerg Flyer Armor Level 1, Zerg Flyer Weapons Level 1  
  173  17:07  Extractor  
  167  17:10  Extractor  
  160  17:42  Hydralisk  
  160  17:43  Hydralisk x20  
  181  18:45  Zerg Melee Weapons Level 1, Zerg Ground Armor Level 2  
  181  18:47  Zerg Flyer Weapons Level 2, Zerg Flyer Armor Level 2  
  179  19:17  Spire  
  178  19:41  Zergling x30  
  178  19:42  Zergling x14  
  178  21:10  Corruptor x3  
  178  21:11  Corruptor x8  
  200  21:29  Zerg Ground Armor Level 3, Zerg Melee Weapons Level 2  
  200  21:35  Greater Spire  
  200  21:38  Zerg Flyer Armor Level 3, Zerg Flyer Weapons Level 3  
  177  22:06  Hydralisk x2  
  177  22:07  Hydralisk x26  
  177  22:08  Hydralisk x3  
  199  22:10  Extractor  
  199  22:11  Extractor  
  191  22:22  Zergling x24  
  186  22:58  Lurker  
  186  22:59  Lurker x8  
  186  23:01  Zergling x2  
  186  23:02  Zergling x8  
  165  24:37  Hydralisk x7  
  165  24:38  Hydralisk x12  
  183  26:15  Zergling x2  
  183  26:16  Zergling x32  
  198  27:12  Adrenal Glands  
  198  27:50  Brood Lord  
Show
View Real Time Build Order
Export as new Build Order

TATORREA Protoss 

Build Orders: Carriers 

Get SALT Encoding   

  12  0:03  Probe  
  13  0:16  Probe  
  13  0:19  Pylon  
  14  0:28  Probe  
  15  0:40  Probe  
  16  0:44  Gateway  
  16  0:52  Probe  
  17  1:04  Probe  
  18  1:17  Probe  
  18  1:29  Gateway  
  18  1:32  Assimilator  
  18  1:33  Zealot (Chrono Boost)  
  18  1:34  Pylon  
  20  1:45  Probe  
  20  1:46  Cybernetics Core  
  21  1:50  Assimilator  
  21  1:52  Zealot  
  23  1:57  Probe  
  23  2:10  Probe  
  24  2:22  Probe  
  25  2:24  Stalker (Chrono Boost)  
  25  2:27  Zealot (Chrono Boost)  
  29  2:34  Warp Gate, Probe  
  30  3:07  Stalker  
  30  3:19  Pylon  
  30  3:23  Pylon  
  30  3:37  Zealot  
  28  4:24  Robotics Facility  
  28  4:27  Stargate  
  28  4:30  Gateway  
  28  4:31  Gateway  
  28  4:39  Stalker x2  
  28  4:42  Nexus  
  28  4:45  Pylon  
  30  4:47  Pylon  
  30  5:04  Stalker x2  
  34  5:14  Void Ray  
  38  5:26  Stalker  
  40  5:31  Probe  
  41  5:44  Probe  
  42  5:56  Probe  
  43  5:58  Stalker x3  
  47  6:14  Stalker  
  41  6:45  Probe x2  
  43  6:50  Stalker x2  
  43  6:51  Stalker x2  
  51  6:56  Observer  
  51  6:57  Probe x2  
  54  7:09  Probe  
  55  7:17  Probe  
  55  7:21  Probe  
  57  7:29  Probe  
  58  7:33  Probe  
  58  7:34  Nexus  
  58  7:36  Pylon x2  
  59  7:42  Probe  
  59  7:43  Assimilator  
  60  7:46  Assimilator  
  60  7:56  Immortal  
  64  8:00  Probe x2  
  66  8:13  Probe x2  
  66  8:17  Void Ray  
  72  8:25  Probe  
  73  8:30  Robotics Bay  
  73  8:34  Protoss Air Weapons Level 1, Probe  
  73  8:37  Probe  
  75  8:46  Probe  
  76  8:49  Probe  
  77  9:00  Nexus  
  77  9:02  Pylon  
  77  9:05  Probe x3  
  80  9:17  Probe x2  
  80  9:18  Probe  
  80  9:20  Assimilator  
  80  9:22  Assimilator  
  83  9:29  Probe x2  
  83  9:31  Fleet Beacon, Probe  
  86  9:41  Probe  
  86  9:42  Probe  
  86  9:43  Probe  
  89  9:53  Probe  
  89  9:54  Probe, Robotics Bay  
  89  9:55  Probe  
  92  10:03  Gateway  
  92  10:05  Probe  
  92  10:06  Probe  
  94  10:07  Probe  
  94  10:09  Gateway, Unknown  
  94  10:11  Gateway  
  95  10:17  Carrier  
  95  10:18  Probe  
  102  10:25  Immortal  
  102  10:27  Probe x2  
  108  10:31  Probe x2  
  110  10:39  Probe  
  110  10:42  Probe  
  112  10:46  Pylon  
  112  10:48  Extended Thermal Lance (Chrono Boost)  
  112  10:49  Protoss Air Weapons Level 2 (Chrono Boost)  
  112  10:50  Pylon  
  112  10:54  Pylon  
  112  11:03  Probe x4  
  116  11:04  Colossus  
  116  11:08  Assimilator  
  122  11:13  Assimilator  
  122  11:19  Forge  
  122  11:20  Probe x4  
  122  11:21  Forge  
  122  11:22  Forge  
  126  11:26  Twilight Council  
  126  11:32  Carrier, Probe x3  
  135  11:39  Gravitic Boosters  
  135  11:48  Zealot x4  
  135  11:49  Zealot x3  
  135  11:50  Protoss Ground Armor Level 1 (Chrono Boost), Protoss Ground Weapons Level 1 (Chrono Boost), Protoss Shields Level 1 (Chrono Boost)  
  149  11:58  Observer  
  150  12:07  Cybernetics Core  
  150  12:24  Colossus  
  156  12:38  Pylon  
  156  12:48  Pylon  
  156  12:52  Pylon  
  156  12:55  Protoss Air Armor Level 1 (Chrono Boost)  
  156  12:56  Carrier  
  162  12:59  Nexus  
  162  13:01  Pylon  
  162  13:02  Pylon  
  162  13:10  Nexus  
  162  13:14  Pylon  
  162  13:16  Protoss Air Weapons Level 3 (Chrono Boost)  
  162  13:18  Pylon  
  162  13:34  Colossus  
  162  13:38  Templar Archives  
  168  13:41  Gateway  
  168  13:43  Gateway  
  168  13:45  Gateway  
  168  13:48  Gateway  
  168  13:51  Gateway  
  168  13:56  Gateway, Stargate  
  168  13:59  Stargate  
  168  14:00  Carrier  
  168  14:02  Gateway  
  174  14:04  Stargate  
  174  14:06  Protoss Shields Level 2 (Chrono Boost), Protoss Ground Armor Level 2 (Chrono Boost), Protoss Ground Weapons Level 2 (Chrono Boost), Gateway  
  174  14:07  Stargate  
  174  14:09  Gateway  
  174  14:11  Gateway  
  174  14:13  Gateway  
  174  14:17  Gateway  
  174  14:18  Stalker x3  
  174  14:19  Stalker  
  182  14:25  High Templar  
  182  14:26  Assimilator, High Templar  
  182  14:28  High Templar  
  182  14:30  Psionic Storm  
  182  14:31  Assimilator  
  188  14:35  Assimilator  
  188  14:49  Assimilator  
  188  14:51  Carrier  
  188  14:52  Carrier  
  200  15:05  Archon  
  200  15:12  Protoss Air Armor Level 2 (Chrono Boost)  
  172  15:56  Zealot  
  172  15:57  Zealot x3  
  122  15:58  Zealot x3  
  122  15:59  Zealot x2  
  122  16:00  Zealot x3  
  122  16:01  Zealot x3  
  122  16:02  Zealot x4  
  144  16:11  Charge (Chrono Boost)  
  100  16:28  Zealot x2  
  100  16:29  Zealot x4  
  100  16:30  Zealot x3  
  100  16:31  Zealot x4  
  100  16:32  Zealot  
  128  16:33  Zealot x4  
  128  16:34  Zealot  
  138  16:51  Colossus  
  108  17:06  Stalker  
  108  17:07  Stalker x4  
  110  17:09  Stalker  
  100  17:27  Stalker x3  
  100  17:28  Stalker x4  
  102  17:41  Zealot  
  102  17:42  Zealot x5  
  92  17:44  Colossus  
  92  17:55  Zealot  
  92  17:56  Zealot  
  92  17:57  Zealot x4  
  82  18:07  Zealot x2  
  82  18:08  Zealot x2  
  82  18:09  Zealot  
  84  18:19  Zealot x3  
  79  18:20  Zealot  
  81  18:32  Stalker x2  
  81  18:33  Stalker x3  
Show
View Real Time Build Order
Export as new Build Order

tigro Terran 

Build Orders:  

Get SALT Encoding   

  12  0:13  SCV  
  13  0:16  Supply Depot  
  13  0:25  SCV  
  14  0:37  SCV  
  14  0:41  Barracks  
  15  0:49  SCV  
  16  1:01  SCV  
  17  1:05  Supply Depot  
  17  1:07  Refinery  
  17  1:13  SCV  
  18  1:25  SCV  
  19  1:28  Marine  
  20  1:37  SCV  
  21  1:44  Refinery  
  21  1:46  Marine  
  22  1:49  SCV  
  23  1:59  Barracks  
  23  2:01  SCV  
  23  2:04  Marine  
  24  2:22  Marine  
  21  2:40  Marine  
  20  2:57  Marine  
  20  3:09  SCV  
  21  3:15  Marine  
  22  3:21  SCV  
  22  3:23  Barracks Reactor  
  23  3:33  Marine  
  22  3:50  Barracks  
  22  3:56  Engineering Bay  
  22  4:00  Orbital Command  
  22  4:02  Marine x2  
  23  4:12  Barracks Tech Lab  
  22  4:19  Marine  
  22  4:20  Marine  
  24  4:37  Marine  
  24  4:38  Marine, Factory  
  26  4:41  SCV  
  26  4:48  Combat Shield  
  26  4:51  Marine  
  27  4:55  Marine x2  
  28  5:09  Marine  
  28  5:13  Marine x2  
  31  5:24  Factory Tech Lab  
  31  5:27  Marine  
  31  5:31  Marine x2  
  33  5:45  Marine  
  33  5:47  Siege Tank  
  37  5:57  Starport  
  37  6:02  Marine  
  38  6:07  Stimpack  
  38  6:27  Siege Tank  
  41  6:51  Medivac  
  43  6:57  Command Center  
  43  7:01  Terran Infantry Weapons Level 1  
  43  8:12  Refinery  
  43  8:35  SCV  
  44  8:47  Armory, SCV  
  45  8:55  Terran Infantry Armor Level 1  
  45  8:59  SCV  
  46  9:11  SCV  
  47  9:17  Starport Tech Lab  
  47  9:23  SCV  
  48  9:35  SCV  
  48  9:37  Fusion Core  
  49  9:41  Refinery  
  49  9:48  SCV  
  50  9:59  Missile Turret  
  50  10:00  SCV  
  51  10:12  SCV  
  52  10:20  Missile Turret  
  52  10:24  SCV  
  53  10:32  Terran Vehicle Weapons Level 1  
  53  10:41  Missile Turret  
  53  10:49  Neosteel Armor, SCV  
  54  11:01  Weapon Refit, SCV  
  54  11:03  Missile Turret  
  55  11:13  SCV  
  56  11:25  SCV  
  57  11:26  Missile Turret  
  57  11:37  SCV  
  58  11:41  Supply Depot  
  58  11:49  Missile Turret  
  58  12:02  Battlecruiser  
  58  12:03  Supply Depot  
  64  12:11  Thor, Missile Turret  
  70  12:25  Supply Depot  
  70  12:26  Terran Vehicle And Ship Armor Level 1  
  70  12:29  Hi-Sec Auto Tracking  
  70  12:31  Missile Turret  
  70  12:41  Rapid Reignition System  
  70  12:48  Supply Depot  
  70  12:54  Thor  
  70  12:55  Missile Turret  
  76  13:06  Medivac  
  78  13:15  Missile Turret  
  78  13:26  Terran Infantry Weapons Level 2  
  78  13:27  Starport  
  78  13:36  Battlecruiser  
  78  13:38  Missile Turret  
  84  13:45  Thor  
  90  13:55  Command Center  
  90  13:59  Missile Turret  
  90  14:07  Starport Tech Lab  
  90  14:20  Terran Ship Weapons Level 1, Missile Turret  
  90  14:29  Supply Depot  
  90  14:41  Missile Turret  
  90  14:50  Thor  
  90  14:51  Battlecruiser  
  102  15:08  Missile Turret  
  96  15:29  Missile Turret  
  96  15:33  Thor  
  102  15:42  Terran Infantry Armor Level 2  
  102  15:58  Missile Turret  
  102  16:14  Terran Vehicle Weapons Level 2  
  102  16:18  Siege Tank  
  105  16:24  Battlecruiser  
  105  16:25  Battlecruiser  
  115  17:08  Siege Tank  
  116  18:17  Siege Tank  
  116  18:56  Command Center  
  116  19:13  Supply Depot  
  125  19:31  Battlecruiser, Siege Tank  
  125  19:33  Battlecruiser  
  125  19:34  Marine x2  
  125  19:35  Marine  
  125  19:37  Supply Depot  
  134  19:47  Refinery  
  134  19:52  Marine x3  
  136  19:54  SCV  
  138  20:00  Supply Depot  
  138  20:03  Siege Tank  
  138  20:06  SCV  
  142  20:09  Marine  
  142  20:10  Marine x2  
  145  20:18  SCV  
  146  20:24  Refinery  
  146  20:27  Marine x2  
  146  20:28  Marine  
  148  20:30  SCV  
  148  20:32  Refinery  
  156  20:35  Battlecruiser  
  156  20:37  Battlecruiser  
  163  20:42  SCV  
  163  20:46  Marine  
  164  21:09  Refinery  
  164  21:23  Terran Vehicle And Ship Armor Level 2  
  164  21:31  Planetary Fortress  
  170  21:40  Battlecruiser  
  145  22:07  Marine  
  145  22:08  Marine x2  
  105  22:25  Marine x3  
  108  22:43  Marine x3  
  111  22:45  Battlecruiser x2  
  123  22:53  Missile Turret  
  119  23:01  Marine x3  
  122  23:16  Missile Turret  
  122  23:19  Marine  
  120  23:37  Missile Turret  
  63  24:00  Missile Turret  
  42  24:14  Marine x3  
  34  24:32  Marine  
Show
View Real Time Build Order
Export as new Build Order

IA (Fácil) Protoss 

Build Orders:  

Get SALT Encoding   

  12  0:01  Probe  
  13  0:13  Probe  
  14  0:21  Pylon  
  14  0:25  Probe  
  15  0:36  Probe  
  16  0:45  Assimilator  
  16  0:52  Gateway  
  16  0:55  Pylon  
  16  1:18  Assimilator  
  16  1:33  Zealot  
  16  1:44  Cybernetics Core  
  18  2:10  Pylon, Probe  
  18  2:15  Warp Gate  
  19  2:18  Probe  
  19  2:22  Stalker  
  22  2:28  Probe  
  23  2:40  Probe  
  24  2:53  Probe  
  24  2:55  Adept  
  27  3:05  Probe  
  28  3:28  Stalker  
  30  4:05  Adept  
  32  5:00  Probe  
  32  6:43  Adept  
  26  6:55  Probe  
  26  6:58  Stalker  
  26  7:01  Pylon  
  24  7:03  Nexus  
  24  7:06  Robotics Facility  
  24  7:07  Probe  
  25  7:15  Zealot  
  25  7:22  Pylon  
  23  7:31  Probe  
  23  7:32  Zealot  
  25  7:46  Zealot  
  27  7:54  Observer  
  24  8:07  Stalker  
  26  8:15  Probe  
  26  8:16  Observer  
  29  8:20  Probe  
  29  8:21  Assimilator  
  29  8:23  Probe  
  29  8:24  Assimilator  
  29  8:25  Zealot  
  31  8:32  Probe x2  
  33  8:40  Immortal  
  35  8:43  Probe  
  35  8:44  Probe  
  34  8:54  Zealot  
  34  8:55  Probe  
  37  8:56  Probe  
  38  9:07  Probe  
  38  9:08  Probe  
  40  9:17  Probe  
  40  9:19  Immortal, Probe  
  46  9:25  Probe  
  46  9:27  Probe  
  47  9:35  Probe  
  47  9:36  Adept, Probe  
  51  9:44  Pylon  
  52  9:48  Probe x2  
  54  9:58  Observer  
  54  9:59  Stalker  
  57  10:00  Probe  
  57  10:01  Probe  
  59  10:12  Probe  
  59  10:13  Probe  
  57  10:21  Pylon  
  55  10:22  Sentry  
  55  10:24  Probe  
  58  10:45  Sentry  
  54  11:08  Stalker  
  54  11:13  Immortal  
  53  11:30  Probe  
  47  11:36  Probe  
  47  11:37  Zealot  
  47  11:38  Probe  
  47  11:46  Probe  
  44  11:48  Probe  
  44  11:52  Immortal  
  47  11:57  Forge  
  47  11:58  Probe, Robotics Bay  
  47  11:59  Stargate  
  47  12:00  Probe  
  47  12:02  Pylon  
  47  12:05  Gateway  
  47  12:06  Zealot  
  49  12:10  Probe  
  49  12:12  Probe  
  47  12:19  Protoss Ground Weapons Level 1  
  47  12:22  Probe  
  48  12:24  Probe  
  48  12:26  Zealot  
  51  12:30  Warp Prism  
  51  12:33  Probe  
  52  12:45  Gravitic Boosters  
  52  12:55  Gateway  
  52  12:58  Adept  
  51  13:06  Warp Prism  
  49  13:29  Zealot  
  49  13:41  Gravitic Drive  
  49  13:43  Observer  
  50  13:52  Nexus  
  50  13:57  Zealot  
  52  14:04  Observer  
  52  14:05  Protoss Ground Armor Level 1  
  49  14:11  Zealot  
  48  14:25  Void Ray  
  48  14:30  Immortal  
  56  14:48  Pylon  
  56  14:54  Zealot  
  58  15:05  Probe  
  59  15:08  Zealot  
  59  15:09  Probe  
  59  15:12  Assimilator  
  63  15:14  Assimilator, Probe  
  63  15:18  Void Ray, Probe  
  64  15:24  Probe  
  69  15:28  Probe  
  69  15:33  Probe  
  71  15:37  Stalker, Probe  
  71  15:41  Probe  
  75  15:52  Immortal  
  79  16:20  Stalker  
  79  16:25  Fleet Beacon  
  81  16:27  Pylon  
  81  16:28  Sentry  
  81  16:30  Twilight Council  
  65  16:36  Zealot  
  67  16:44  Zealot  
  69  16:52  Stalker  
  71  17:00  Stalker  
  71  17:03  Pylon  
  71  17:08  Stalker  
  55  17:16  Sentry, Pylon  
  53  17:24  Stalker  
  52  17:36  Probe  
  53  17:37  Pylon  
  53  17:38  Probe  
  53  17:40  Zealot  
  53  17:42  Pylon  
  52  18:00  Zealot  
  52  18:02  Pylon  
  54  18:07  Pylon  
  54  18:12  Pylon  
  49  18:31  Pylon  
  43  18:53  Forge  
  43  18:57  Pylon  
  43  18:59  Pylon  
  43  19:05  Gateway  
  41  19:11  Probe  
  41  19:20  Probe x2  
  40  19:28  Probe  
  40  19:33  Probe  
  40  19:38  Probe  
  42  19:44  Probe  
  43  19:50  Probe  
  43  19:52  Probe  
  43  19:53  Gateway  
  43  19:59  Zealot  
  45  20:00  Probe, Cybernetics Core  
  45  20:02  Probe  
  45  20:13  Probe  
  46  20:14  Pylon, Probe  
  46  20:19  Zealot  
  48  20:25  Probe  
  48  20:27  Probe  
  48  20:32  Protoss Air Armor Level 1  
  48  20:34  Zealot  
  48  20:43  Stargate  
  48  20:46  Gateway  
  48  20:47  Stalker  
  48  20:48  Robotics Facility  
  50  20:56  Sentry  
  46  20:57  Probe  
  46  21:02  Probe  
  45  21:09  Probe  
  45  21:11  Zealot  
  42  21:14  Probe  
  42  21:16  Nexus  
  37  21:19  Sentry  
  37  21:22  Probe  
  40  21:26  Probe  
  40  21:31  Stalker  
  43  21:34  Probe  
  43  21:36  Observer  
  43  21:37  Twilight Council  
  43  21:38  Probe  
  42  21:40  Stalker  
  42  21:46  Probe  
  40  21:48  Adept  
  40  21:50  Probe  
  39  21:55  Probe  
  39  21:57  Stalker, Observer  
  38  22:02  Probe  
  38  22:03  Probe  
  38  22:05  Adept  
  39  22:12  Probe  
  39  22:14  Stalker, Probe  
  38  22:18  Observer  
  32  22:23  Adept  
  32  22:26  Probe  
  32  22:28  Probe  
  35  22:31  Zealot  
  33  22:38  Probe  
  33  22:39  Warp Prism  
  33  22:40  Stalker  
  33  22:41  Probe  
  37  22:49  Adept  
  37  22:50  Probe  
  40  22:53  Probe  
  40  22:57  Stalker  
  43  22:59  Assimilator  
  43  23:03  Probe  
  42  23:05  Probe  
  42  23:06  Adept  
  42  23:10  Pylon  
  43  23:15  Probe, Observer  
  43  23:17  Probe  
  46  23:20  Sentry  
  48  23:27  Probe  
  48  23:28  Probe  
  48  23:29  Zealot  
  48  23:33  Pylon  
  52  23:37  Probe  
  52  23:39  Probe  
  52  23:48  Gateway  
  52  23:49  Probe  
  52  23:51  Probe  
  52  23:52  Zealot  
  52  24:01  Probe  
  49  24:03  Probe  
  49  24:06  Pylon  
  49  24:08  Robotics Facility  
  49  24:14  Probe  
  50  24:17  Pylon  
  50  24:19  Stargate  
  50  24:23  Probe  
  51  24:29  Assimilator  
  51  24:32  Probe  
  51  24:36  Probe  
  52  24:42  Pylon, Zealot  
  55  24:51  Cybernetics Core  
  55  24:56  Probe  
  55  25:02  Zealot  
  55  25:05  Pylon  
  58  25:08  Gateway  
  58  25:13  Forge  
  53  25:17  Probe  
  38  25:28  Probe  
  34  25:31  Robotics Facility  
  35  25:36  Probe  
  36  25:44  Probe  
  35  25:55  Probe  
  29  26:21  Nexus  
  16  26:58  Pylon  
  4  27:30  Probe  
  5  27:38  Probe  
  4  28:04  Nexus  
  2  29:14  Probe  
Show
View Real Time Build Order
Export as new Build Order

IA (Fácil) Terran 

Build Orders:  

Get SALT Encoding   

  12  0:01  SCV  
  13  0:13  SCV  
  14  0:19  Supply Depot  
  14  0:25  SCV  
  15  0:41  SCV  
  16  0:44  Barracks  
  16  1:09  Command Center  
  16  1:32  Supply Depot, Orbital Command  
  16  1:33  Marine  
  17  1:43  Refinery  
  17  1:51  Marine  
  17  1:53  Refinery  
  18  1:58  SCV  
  19  2:09  Marine  
  19  2:10  SCV  
  22  2:22  SCV  
  22  2:23  SCV  
  22  2:27  Barracks Tech Lab  
  23  2:34  SCV  
  23  2:35  SCV  
  23  2:45  Marine  
  24  2:59  Refinery, SCV  
  24  3:07  Refinery  
  24  3:08  Marauder  
  24  3:09  SCV  
  27  3:13  SCV  
  28  3:21  SCV  
  28  3:25  SCV  
  30  3:31  Reaper  
  30  3:33  SCV  
  31  3:42  Supply Depot  
  31  3:43  SCV  
  31  3:47  SCV  
  33  3:55  SCV  
  32  3:59  SCV  
  33  4:03  Marine  
  33  4:07  SCV  
  35  4:14  Supply Depot  
  35  4:15  SCV  
  36  4:19  SCV  
  36  4:21  Marine  
  37  4:27  SCV  
  38  4:32  SCV  
  38  4:39  SCV  
  38  4:44  Marauder, Supply Depot  
  40  4:46  SCV  
  40  4:51  SCV  
  42  4:58  SCV  
  41  5:03  SCV  
  38  5:08  Marine  
  38  5:10  SCV  
  36  5:16  SCV  
  33  5:22  SCV  
  33  5:25  Factory  
  33  5:28  SCV  
  29  5:31  Reaper  
  29  5:34  SCV  
  25  5:40  SCV  
  22  5:46  SCV  
  23  5:52  SCV  
  24  5:58  SCV  
  21  6:04  SCV  
  21  6:05  Barracks Tech Lab  
  21  6:10  SCV  
  22  6:15  Hellion  
  23  6:19  SCV  
  24  6:30  Starport  
  24  6:31  SCV  
  24  6:43  Barracks, SCV  
  22  6:56  Supply Depot  
  21  7:08  Supply Depot  
  21  7:09  Starport Tech Lab  
  21  7:30  Viking  
  21  7:31  SCV  
  21  7:32  Supply Depot, Barracks Tech Lab  
  24  7:49  SCV  
  25  7:53  Marine  
  21  8:01  SCV  
  11  8:08  Viking  
  11  8:11  Barracks Tech Lab  
Show
View Real Time Build Order
Export as new Build Order

IA (Fácil) Zerg 

Build Orders: Pool Only 

Get SALT Encoding   

  12  0:01  Drone  
  13  0:12  Overlord  
  13  0:17  Drone  
  14  0:30  Drone  
  14  0:35  Drone  
  16  0:43  Spawning Pool  
  16  0:45  Drone  
  16  0:48  Extractor  
  15  0:52  Drone  
  16  1:01  Overlord  
  16  1:30  Queen  
  16  1:31  Zergling x2  
  19  1:38  Roach Warren  
  19  1:39  Extractor  
  17  1:42  Drone  
  18  1:47  Drone  
  19  1:58  Zergling x2  
  20  2:12  Overlord  
  20  2:26  Roach  
  22  2:41  Drone  
  23  2:47  Drone  
  24  2:53  Roach  
  24  2:57  Overlord  
  20  3:20  Queen, Roach  
  20  3:23  Drone  
  23  3:48  Zergling x2, Drone  
  25  4:00  Roach Warren, Drone  
  23  4:15  Zergling x2  
  21  4:22  Queen  
  22  4:42  Roach  
  21  5:09  Roach  
  21  5:10  Spawning Pool  
  15  5:28  Drone  
  11  5:33  Drone  
  6  5:37  Drone, Roach  
  6  5:42  Drone  
  7  5:46  Drone  
  8  5:50  Drone  
  6  6:06  Spawning Pool  
  5  6:51  Drone  
  5  6:53  Drone  
Show
View Real Time Build Order
Export as new Build Order

IA (Fácil) Zerg 

Build Orders: Pool Only 

Get SALT Encoding   

  12  0:01  Drone  
  13  0:12  Overlord  
  13  0:17  Drone  
  14  0:30  Drone  
  14  0:35  Drone  
  16  0:45  Spawning Pool  
  16  0:46  Extractor  
  16  0:47  Drone  
  15  0:52  Drone  
  16  0:59  Overlord  
  16  1:32  Queen  
  18  1:33  Zergling x2  
  18  1:36  Roach Warren  
  18  1:38  Extractor  
  18  1:39  Drone  
  18  1:44  Drone  
  19  1:55  Drone  
  19  1:59  Zergling x2  
  19  2:05  Drone  
  18  2:17  Drone  
  19  2:32  Spawning Pool  
  19  2:36  Drone  
  16  3:18  Zergling x2  
  17  3:20  Queen  
  16  3:32  Roach Warren  
  16  3:33  Drone  
  5  3:42  Drone  
Show
View Real Time Build Order
Export as new Build Order

IA (Fácil) Terran 

Build Orders:  

Get SALT Encoding   

  12  0:01  SCV  
  13  0:13  SCV  
  14  0:20  Supply Depot  
  14  0:25  SCV  
  15  0:41  SCV  
  16  0:45  Barracks  
  16  1:11  Command Center  
  16  1:31  Marine  
  17  1:34  Supply Depot, Orbital Command  
  17  1:44  Refinery  
  17  1:49  Marine  
  18  1:55  Refinery  
  18  2:00  SCV  
  19  2:07  Marine  
  20  2:12  SCV  
  21  2:24  SCV  
  21  2:25  SCV  
  21  2:26  Barracks Tech Lab  
  23  2:36  SCV  
  24  2:37  SCV  
  25  2:44  Marine  
  25  2:51  SCV  
  27  2:55  SCV  
  28  3:02  Marine  
  28  3:03  SCV  
  30  3:07  SCV  
  31  3:13  Refinery  
  31  3:15  SCV  
  31  3:19  SCV  
  33  3:21  Reaper  
  33  3:26  Supply Depot  
  34  3:27  SCV  
  34  3:31  SCV  
  36  3:39  SCV  
  37  3:45  SCV, Refinery  
  38  3:51  SCV  
  38  3:53  Marine  
  40  3:57  Supply Depot  
  40  3:58  SCV  
  41  4:03  SCV  
  42  4:10  SCV  
  42  4:11  Marauder  
  45  4:19  SCV  
  45  4:22  Factory  
  46  4:33  Marauder, SCV  
  46  4:34  Supply Depot  
  46  4:38  SCV  
  50  4:45  SCV  
  50  4:51  SCV  
  52  4:54  Marauder  
  52  4:58  SCV  
  55  5:01  Supply Depot  
  55  5:03  SCV  
  56  5:10  SCV  
  56  5:13  Starport  
  57  5:15  SCV, Reaper  
  59  5:22  SCV  
  59  5:25  Supply Depot  
  59  5:27  SCV  
  61  5:34  SCV  
  62  5:39  SCV  
  63  5:46  SCV  
  63  5:47  Marine  
  65  5:50  Starport Tech Lab  
  65  6:05  Marine  
  65  6:10  Raven  
  68  6:17  SCV  
  68  6:24  Marauder  
  70  6:45  Reaper  
  68  6:52  Raven  
  69  7:17  Marine  
  70  7:35  Marauder  
  72  7:56  Reaper  
  70  8:28  Marine  
  70  8:46  Reaper  
  71  9:18  Marine  
  71  9:36  Reaper  
  71  10:05  Medivac, Factory Tech Lab  
  73  10:07  Supply Depot  
  73  10:09  Engineering Bay  
  73  10:12  Marine  
  59  10:23  Command Center  
  54  10:30  Marine  
  54  10:35  Medivac  
  54  10:36  Terran Infantry Weapons Level 1  
  54  10:38  Siege Tank  
  56  10:50  Marine  
  52  11:05  Raven  
  52  11:08  Marine  
  55  11:15  Siege Tank  
  58  11:27  Marine  
  58  11:36  SCV  
  58  11:38  Refinery  
  58  11:41  SCV  
  58  11:45  Marine, SCV  
  61  11:48  Raven  
  61  11:49  SCV  
  61  11:52  Siege Tank  
  61  11:54  SCV  
  68  11:56  Refinery  
  68  11:58  SCV  
  64  12:02  SCV  
  64  12:04  Marine  
  64  12:07  SCV  
  66  12:11  SCV  
  66  12:16  SCV  
  66  12:22  Marine  
  65  12:29  Siege Tank  
  67  12:30  Terran Infantry Armor Level 1  
  67  12:31  SCV  
  67  12:36  SCV  
  62  12:40  SCV  
  62  12:41  Marine  
  58  12:45  SCV  
  55  12:54  SCV  
  51  12:58  SCV  
  51  12:59  Marine  
  51  13:06  SCV, Siege Tank  
  51  13:10  SCV  
  53  13:18  Marine, SCV  
  54  13:22  SCV  
  55  13:30  SCV  
  56  13:35  Marine, SCV  
  56  13:36  Refinery  
  58  13:42  SCV  
  58  13:43  Siege Tank  
  58  13:46  Refinery  
  58  13:47  SCV  
  63  13:54  SCV  
  63  13:55  Marine  
  65  13:59  SCV  
  65  14:01  Armory  
  65  14:04  Supply Depot  
  65  14:08  SCV  
  66  14:13  Marine  
  66  14:15  Siege Tank  
  68  14:26  SCV  
  68  14:27  Supply Depot  
  68  14:30  SCV  
  68  14:31  Marine  
  71  14:38  SCV  
  72  14:49  Marauder  
  74  15:05  Raven  
  74  15:10  Marine  
  68  15:17  SCV  
  68  15:21  SCV  
  66  15:22  Hellion  
  66  15:24  Supply Depot  
  66  15:28  Marine  
  58  15:29  SCV  
  58  15:33  SCV  
  54  15:41  SCV  
  44  15:43  Hellion  
  44  15:45  Marine, SCV  
  44  15:48  Raven  
  40  15:53  SCV  
  36  15:57  SCV  
  31  16:05  SCV  
  31  16:09  SCV  
  20  16:13  Hellion  
  18  16:21  SCV  
  18  16:30  Supply Depot  
  18  16:33  SCV  
  17  16:46  SCV  
  16  16:52  Supply Depot  
  15  16:58  SCV  
  15  17:10  Barracks, SCV  
  16  17:22  SCV  
  16  17:34  SCV  
  17  17:38  Command Center  
  17  17:42  Supply Depot  
  17  17:46  SCV  
  18  17:57  Marine  
  19  17:58  SCV  
  19  18:03  Refinery  
  20  18:10  SCV  
  20  18:14  Marine  
  21  18:20  Engineering Bay  
  21  18:22  SCV  
  21  18:24  Factory  
  21  18:26  Supply Depot  
  21  18:32  Marine  
  22  18:34  SCV  
  23  18:47  SCV  
  23  18:49  Refinery  
  23  18:50  Marine, SCV  
  25  18:59  Refinery, SCV  
  25  19:02  SCV  
  27  19:07  Refinery  
  27  19:08  Marine  
  28  19:10  Factory Tech Lab  
  28  19:11  SCV  
  28  19:14  Engineering Bay, SCV  
  28  19:22  Starport  
  28  19:23  SCV  
  29  19:26  Armory, Marine, SCV  
  29  19:29  Refinery  
  30  19:35  Cyclone, SCV  
  34  19:38  SCV  
  34  19:41  Command Center  
  34  19:45  Barracks Tech Lab  
  35  19:47  SCV  
  35  19:50  SCV  
  36  19:59  SCV  
  37  20:01  Medivac  
  37  20:03  SCV  
  39  20:08  Hellion  
  39  20:11  Marine, SCV  
  39  20:13  Terran Vehicle And Ship Armor Level 1, Terran Infantry Armor Level 2  
  42  20:15  SCV  
  43  20:23  SCV  
  43  20:27  SCV  
  45  20:29  Marine  
  45  20:32  Starport Tech Lab  
  45  20:33  Siege Tank  
  49  20:35  SCV  
  49  20:39  SCV  
  49  20:40  Fusion Core  
  51  20:46  Marine  
  51  20:48  SCV  
  53  20:50  Raven  
  53  20:51  SCV  
  53  20:53  Orbital Command  
  53  20:55  Refinery  
  51  21:00  SCV  
  51  21:03  SCV  
  53  21:05  Cyclone  
  53  21:09  Marine, Refinery  
  53  21:11  Refinery  
  57  21:12  SCV  
  57  21:15  SCV  
  57  21:19  SCV  
  57  21:24  SCV  
  56  21:27  Marauder, SCV  
  56  21:32  Raven, SCV  
  59  21:37  Siege Tank, SCV  
  65  21:41  SCV  
  65  21:45  SCV  
  67  21:48  Marine  
  67  21:50  SCV  
  69  22:06  Marine  
  69  22:08  Terran Ship Weapons Level 1  
  70  22:10  Siege Tank  
  70  22:11  Supply Depot  
  73  22:15  Medivac  
  75  22:24  Marine  
  75  22:29  Terran Infantry Weapons Level 2  
  76  22:42  Marauder  
  78  22:45  Raven  
  78  22:46  Thor  
  86  23:03  Marine  
  84  23:21  Marine  
  85  23:29  Cyclone  
  88  23:38  Marine  
  88  23:56  Marine  
  88  24:02  Terran Vehicle Weapons Level 1  
  89  24:14  Marine  
  90  24:21  Raven  
  90  25:18  Raven  
  90  25:41  Hellion  
  92  25:44  Supply Depot  
  92  25:45  Marine  
  91  26:00  Raven  
  91  26:03  Marine  
  64  26:09  SCV  
  58  26:12  Hellion  
  60  26:21  Marine, SCV  
  61  26:30  SCV  
  55  26:38  SCV  
  56  26:42  SCV  
  52  26:50  SCV  
  45  26:54  SCV  
  45  26:57  Command Center  
  32  27:06  SCV  
  31  27:18  SCV  
  31  27:30  SCV  
  32  27:42  SCV  
  30  27:55  SCV  
  12  28:09  SCV  
  4  28:21  SCV  
  4  28:33  SCV  
  4  28:45  SCV  
Tags
 
Add a new tag
Caveats
  • Supply blocks, unpowered buildings, or Contaminate may cause inaccurate times.
  • Supply counts are checked every 10 seconds.